 Dungeon Crawl Stone Soup version 0.28-a0-79-g444c7a33f5 (webtiles) character file.

Game seed: 12390008567331093356

56889 pokeman the Eclecticist (level 14, -18/80 HPs)
             Began as a Deep Elf Hedge Wizard on Aug 2, 2021.
             Was a High Priest of Vehumet.
             Shot with an arrow by a centaur warrior (25 damage)
             ... on level 15 of the Dungeon.
             The game lasted 00:58:51 (22058 turns).

pokeman the Eclecticist (Deep Elf Hedge Wizard)    Turns: 22058, Time: 00:58:52

Health: -18/80     AC:  8    Str:  7    XL:     14   Next: 43%
Magic:  23/39      EV: 12    Int: 35    God:    Vehumet [*****.]
Gold:   2177       SH:  5    Dex: 17    Spells: 24/52 levels left

rFire   + . .      SeeInvis .   F - +0 war axe (elec)
rCold   + + .      Faith    .   b - +0 buckler {reflect}
rNeg    . . .      Spirit   .   A - +0 troll leather armour
rPois   +          Reflect  +   N - +0 helmet of Divine Intervention {Drain rC+ Int+4 Dex+3}
rElec   .          Harm     .   a - scarf {rC+ rF+}
rCorr   .          Rampage  .   K - +0 pair of gloves
Will    +....                   O - +0 pair of boots
Stlth   ++........              (no amulet)
HPRegen 1.23/turn               C - +6 ring of intelligence
MPRegen 0.26/turn               t - ring of poison resistance

@: marked
A: no striking features
a: Renounce Religion


You were on level 15 of the Dungeon.
You worshipped Vehumet.
Vehumet was extremely pleased with you.
You visited 2 branches of the dungeon, and saw 16 of its levels.
You also visited: Ice Cave.

You collected 2177 gold pieces.

Inventory:

Hand Weapons
 F - a +0 war axe of electrocution (weapon)
 I - a +1 hand crossbow of freezing
Missiles
 r - 165 bolts
Armour
 a - a scarf of resistance (worn)
 b - a +0 buckler of reflection (worn)
 A - a +0 troll leather armour (worn)
 K - a +0 pair of gloves (worn)
 M - a scarf of invisibility
 N - the +0 helmet of Divine Intervention (worn) {Drain rC+ Int+4 Dex+3}
   (You found it on level 10 of the Dungeon)

   Int:       It affects your intelligence (+4).
   Dex:       It affects your dexterity (+3).
   rC:        It protects you from cold.
   Drain:     It drains your maximum health when unequipped.
 O - a +0 pair of boots (worn)
Jewellery
 j - a +4 ring of evasion
 t - a ring of poison resistance (right hand)
 y - a ring of flight
 C - a +6 ring of intelligence (left hand)
Wands
 d - a wand of charming (10)
 i - a wand of flame (26)
 k - a wand of iceblast (6)
Scrolls
 l - a scroll of enchant weapon
 m - 10 scrolls of teleportation
 o - a scroll of immolation {unknown}
 p - a scroll of identify
 G - 3 scrolls of blinking
 T - a scroll of magic mapping
Potions
 c - 2 potions of lignification {unknown}
 e - 3 potions of attraction {unknown}
 f - 3 potions of brilliance {unknown}
 g - 3 potions of mutation {unknown}
 h - 2 potions of heal wounds {unknown}
 n - 6 potions of haste
 z - a potion of ambrosia {unknown}
 B - a potion of magic {unknown}
 H - 5 potions of curing {unknown}
 L - 2 potions of might {unknown}
 P - a potion of degeneration {unknown}
 R - a potion of cancellation {unknown}
Miscellaneous
 Q - a lightning rod (4/4)


   Skills:
 - Level 6.0 Fighting
 + Level 6.1 Armour
 - Level 3.3 Dodging
 - Level 3.0 Stealth
 - Level 4.0 Shields
 * Level 19.7 Spellcasting
 + Level 12.5 Conjurations
 - Level 1.1 Summonings
 - Level 1.1 Translocations
 + Level 10.6 Fire Magic
 - Level 1.0 Ice Magic
 - Level 1.1 Air Magic
 - Level 6.0 Earth Magic
 - Level 1.0 Poison Magic
 - Level 1.1 Evocations


You had 24 spell levels left.
You knew the following spells:

 Your Spells              Type           Power      Damage    Failure   Level
a - Magic Dart            Conj           100%       1d8       0%          1
b - Mephitic Cloud        Conj/Pois/Air  62%        N/A       1%          3
c - Call Imp              Summ           42%        N/A       1%          2
d - Blink                 Tloc           N/A        N/A       1%          2
e - Conjure Flame         Conj/Fire      86%        6-21      1%          3
f - Foxfire               Conj/Fire      100%       2x1d9     0%          1
g - Stone Arrow           Conj/Erth      100%       3d13      1%          3
h - Bolt of Magma         Conj/Fire/Erth 40%        4d17      1%          5
i - Freezing Cloud        Conj/Ice/Air   31%        6-21      1%          5
j - Swiftness             Air            42%        N/A       2%          3

Your spell library contained the following spells:

 Spells                   Type           Power      Damage    Failure   Level
 Irradiate                Conj/Tmut      33%        3d24      1%          5
 Animate Skeleton         Necr           68%        N/A       1%          1
 Pain                     Necr           100%       1d9       1%          1
 Sandblast                Erth           100%       2d20      1%          1
 Shock                    Conj/Air       100%       1d9       1%          1
 Corpse Rot               Necr/Air       N/A        N/A       1%          2
 Passwall                 Tmut/Erth      44%        N/A       1%          2
 Poisonous Vapours        Pois/Air       84%        N/A       1%          2
 Slow                     Hex            34%        N/A       1%          2
 Hailstorm                Conj/Ice       70%        3d15      1%          4
 Iskenderun's Battlesphe  Conj           89%        2d14      1%          5
 Lee's Rapid Deconstruct  Erth           33%        3d18*     1%          5
 Iron Shot                Conj/Erth      39%        9d8       1%          6
 Airstrike                Air            21%        N/A       2%          4
 Vampiric Draining        Necr           17%        2d8       3%          3
 Passage of Golubria      Tloc           N/A        N/A       9%          4
 Summon Lightning Spire   Summ/Air       42%        N/A       9%          4
 Ice Form                 Ice/Tmut       38%        N/A       11%         4
 Borgnjor's Vile Clutch   Necr/Erth      26%        N/A       11%         5
 Animate Dead             Necr           17%        N/A       13%         4
 Spellforged Servitor     Conj/Summ      35%        N/A       17%         7
 Alistair's Intoxication  Tmut/Pois      25%        N/A       28%         5
 Silence                  Hex/Air        19%        N/A       28%         5
 Eringya's Noxious Bog    Tmut/Pois      19%        N/A       36%         6
 Lehudib's Crystal Spear  Conj/Erth      39%        10d10     41%         8
 Simulacrum               Ice/Necr       19%        N/A       85%         6
 Death Channel            Necr           17%        N/A       89%         6
 Invisibility             Hex            17%        N/A       89%         6
 Shatter                  Erth           33%        3d27*     100%        9


Dungeon Overview and Level Annotations

Branches:
Dungeon (15/15)            Temple (1/1) D:7            Lair (0/6) D:10
    Orc (0/2) D:9          Vaults (0/5) D:14          IceCv (visited)
 Depths: D:15

Altars:
Fedhas
Ru
Vehumet
Wu Jian
Xom
Zin
Beogh

Shops:
D:12 =


Message History

The bolt of magma hits the ghoul!!!
The ghoul is moderately damaged.
Unknown command.
Casting: Bolt of Magma (mildly dangerous; 1% risk of failure)
Confirm with . or Enter, or press ? or * to list all spells.
Aiming: Bolt of Magma (mildly dangerous; 1% risk of failure)
Press: ? - help, Shift-Dir - straight line, f - centaur warrior, p - ghoul
Aim: a centaur warrior, wielding a +0 longbow and quivering arrows (81% to hit)
The bolt of magma misses the ghoul.
The bolt of magma hits the centaur warrior!!
The centaur warrior is moderately wounded.
The ghoul claws you but does no damage. The ghoul claws you!!
Unknown command.
Casting: Bolt of Magma (mildly dangerous; 1% risk of failure)
Confirm with . or Enter, or press ? or * to list all spells.
You blink.
The centaur warrior shoots an arrow.
The arrow hits you!
* * * LOW HITPOINT WARNING * * *
Unknown command.
Casting: Blink (safe; 1% risk of failure)
Confirm with . or Enter, or press ? or * to list all spells.
You blink.
A rakshasa comes into view. It is wielding a +0 whip.
The centaur warrior shoots an arrow.
The arrow hits you!
* * * LOW HITPOINT WARNING * * *
Unknown command.
Unknown command.
Casting: Blink (safe; 1% risk of failure)
Confirm with . or Enter, or press ? or * to list all spells.
Aiming: Mephitic Cloud (safe; 1% risk of failure)
Press: ? - help, Shift-Dir - straight line, p - centaur warrior The ball explodes into a vile cloud!
The stinking cloud engulfs the centaur warrior but does no damage.
The centaur warrior is moderately wounded.
The stinking cloud engulfs the ghoul but does no damage.
The ghoul is moderately damaged.
The centaur warrior is engulfed in noxious fumes.
The centaur warrior shoots an arrow.
The arrow barely misses you.
The centaur warrior is engulfed in noxious fumes.
The centaur warrior shoots an arrow.
The arrow hits you!!
You die...

....###.......#..# #..§
#########..#.........#..# #..§
#.......+..####'######..# #..§
.#.......#..)............#####.##
.#.......#.....................#
.#.......#..........########...#
.#.......##.........# #...#
.#........#.........# #...##
.#........'.....@...# #.....
.#......###<........# #.....
.+......#...........# +.....
.#......'§§○☼.......########.....
.########.c§n.......))...).......
..........§☼........))R..........
#'######'##§...######............
..........#...##.#..#.####.......
..........#...#.....###..##......


You could see a ghoul, a rakshasa and a centaur warrior.

Vanquished Creatures
  2 ghouls (D:15)
  3 boulder beetles
  4 vault guards (D:14)
  4 hydras
  An ogre mage (D:15)
  Fannar (D:12)
  3 centaur warriors
  7 two-headed ogres
  3 tengu warriors (D:13)
  3 skeletal warriors (D:15)
  2 orc knights
  A deep elf pyromancer (D:15)
  A deep elf archer (D:14)
  An oklob plant (D:10)
  21 ugly things
  3 cyclopes
  A necromancer (IceCv)
  4 slime creatures (D:12)
  2 manticores
  An ice statue (IceCv)
  Maurice (D:13)
  A gargoyle (D:10)
  An unseen horror (D:11)
  4 freezing wraiths
  A kobold demonologist (D:12)
  A yaktaur (D:15)
  An efreet (D:14)
  16 ice devils
  An entropy weaver simulacrum (IceCv)
  An anaconda simulacrum (IceCv)
  A redback zombie (D:15)
  2 trolls
  A tengu conjurer (D:13)
  A queen bee (shapeshifter) (D:14)
  Prince Ribbit (D:7)
  A hornet (D:8)
  A blink frog (shapeshifter) (D:14)
  3 wraiths
  A dire elephant simulacrum (IceCv)
  Sigmund (D:2)
  9 yaks (D:11)
  3 wyverns
  2 vampires (D:11)
  Grum (D:10)
  3 steam dragons
  4 vampire mosquitoes (D:12)
  6 death yak simulacra (IceCv)
  3 harpy simulacra (IceCv)
  2 water moccasins
  7 acid dragons
  Duvessa (D:7)
  4 orc warriors
  A black bear (D:5)
  3 ogres
  A necrophage (D:7)
  A sky beast (D:8)
  4 wolves (D:10)
  3 centaurs
  A phantom (D:7)
  6 kobold brigands
  5 bullfrogs
  2 gnoll sergeants
  A scorpion (D:6)
  8 cane toad simulacra (IceCv)
  Dowan (D:7)
  A water moccasin skeleton (D:5)
  An elephant simulacrum (IceCv)
  13 wights
  A killer bee (D:10)
  A howler monkey (D:14)
  A vampire bat (D:5)
  12 centaur zombies
  2 jellies
  A bullfrog zombie (D:3)
  4 hounds
  A gnoll shaman (D:8)
  3 orc priests
  2 centaur skeletons
  A scorpion zombie (D:5)
  2 iguanas
  9 orc wizards
  3 polar bear simulacra (IceCv)
  A spriggan simulacrum (IceCv)
  A troll simulacrum (IceCv)
  2 wolf simulacra (IceCv)
  3 hound zombies (D:5)
  A hound skeleton (D:5)
  3 mummies (D:15)
  A howler monkey zombie (D:10)
  6 adders
  9 gnolls
  A naga simulacrum (IceCv)
  A shadow imp (D:7)
  5 ufetubi
  5 worms
  2 dart slugs
  3 fire bats
  26 orcs
  2 spectral bats (D:5)
  3 bat skeletons (D:5)
  A bat zombie (D:5)
  6 endoplasms
  5 giant cockroaches
  7 goblins
  7 hobgoblins
  2 jackals (D:1)
  5 quokkas
  5 ball pythons
  11 bats
  A bat simulacrum (D:5)
  2 frilled lizards (D:1)
  27 kobolds
  6 rats
  A foxfire (D:6)
410 creatures vanquished.

Vanquished Creatures (collateral kills)
  2 foxfires (D:4)
2 creatures vanquished.

Vanquished Creatures (others)
  439 foxfires
  12 plants (D:10)
  6 withered plants (D:15)
457 creatures vanquished.

Grand Total: 869 creatures vanquished

Notes
Turn   | Place    | Note
-------+----------+-------------------------------------------
     0 | D:1      | pokeman the Deep Elf Hedge Wizard began the quest for the
                  | Orb.
     0 | D:1      | Reached XP level 1. HP: 10/10 MP: 7/7
   338 | D:1      | Reached XP level 2. HP: 16/16 MP: 6/9
   877 | D:1      | Reached skill level 5 in Spellcasting
  1160 | D:2      | Reached XP level 3. HP: 20/20 MP: 6/11
  1169 | D:2      | Learned a level 3 spell: Mephitic Cloud
  1172 | D:2      | Learned a level 2 spell: Call Imp
  1175 | D:2      | Learned a level 2 spell: Blink
  1179 | D:2      | Learned a level 3 spell: Conjure Flame
  1218 | D:2      | Found a radiant altar of Vehumet.
  1247 | D:2      | Reached skill level 1 in Armour
  1341 | D:2      | Became a worshipper of Vehumet
  1383 | D:2      | Reached skill level 1 in Fighting
  1704 | D:2      | Found a faded altar of an unknown god.
  1711 | D:2      | Noticed Sigmund
  1727 | D:2      | Killed Sigmund
  1728 | D:2      | Reached skill level 1 in Shields
  1728 | D:2      | Reached skill level 6 in Spellcasting
  1728 | D:2      | Reached XP level 4. HP: 13/25 MP: 1/14
  1728 | D:2      | Reached XP level 5. HP: 15/29 MP: 1/15
  2540 | D:3      | Reached XP level 6. HP: 30/34 MP: 9/17
  2789 | D:3      | Reached * piety under Vehumet
  2789 | D:3      | Offered knowledge of Foxfire by Vehumet.
  2790 | D:3      | Reached skill level 1 in Poison Magic
  2797 | D:3      | Learned a level 1 spell: Foxfire
  2925 | D:3      | Reached skill level 7 in Spellcasting
  3219 | D:3      | Found a sacrificial altar of Ru.
  3733 | D:4      | Reached skill level 1 in Fire Magic
  4125 | D:4      | Learned a level 3 spell: Stone Arrow
  4218 | D:5      | Entered Level 5 of the Dungeon
  4276 | D:4      | Reached skill level 1 in Air Magic
  4283 | D:4      | Reached XP level 7. HP: 32/38 MP: 13/20
  4564 | D:5      | Reached skill level 1 in Evocations
  4842 | D:5      | Offered knowledge of Poisonous Vapours by Vehumet.
  4843 | D:5      | Reached skill level 8 in Spellcasting
  4843 | D:5      | Reached skill level 1 in Earth Magic
  4923 | D:5      | Learned a level 5 spell: Bolt of Magma
  5068 | D:5      | Reached ** piety under Vehumet
  5210 | D:5      | Reached XP level 8. HP: 31/44 MP: 5/22
  5223 | D:5      | Reached skill level 9 in Spellcasting
  5915 | D:5      | Learned a level 5 spell: Freezing Cloud
  6338 | D:6      | Reached skill level 1 in Ice Magic
  6381 | D:6      | Reached skill level 5 in Conjurations
  6749 | D:6      | Reached skill level 10 in Spellcasting
  7276 | D:7      | Noticed Prince Ribbit
  7287 | D:7      | Killed Prince Ribbit
  7288 | D:7      | Reached XP level 9. HP: 48/48 MP: 21/25
  7341 | D:7      | Offered knowledge of Searing Ray by Vehumet.
  7512 | D:7      | Found a staircase to the Ecumenical Temple.
  7800 | D:7      | Reached *** piety under Vehumet
  7805 | D:7      | Reached skill level 11 in Spellcasting
  8217 | D:7      | Learned a level 3 spell: Swiftness
  8334 | D:7      | Noticed Duvessa
  8334 | D:7      | Noticed Dowan
  8339 | D:7      | Killed Duvessa
  8341 | D:7      | Killed Dowan
  8762 | D:8      | Offered knowledge of Frozen Ramparts by Vehumet.
  9022 | D:8      | Found an ornate altar of the Wu Jian Council.
  9099 | D:8      | Reached skill level 12 in Spellcasting
 10210 | D:9      | Identified the +1 robe of Qazlal's Inspiration {Str+4}
 10235 | D:9      | Reached XP level 10. HP: 53/53 MP: 18/28
 10308 | D:9      | Reached **** piety under Vehumet
 10937 | D:9      | Found a staircase to the Orcish Mines.
 11307 | D:10     | Entered Level 10 of the Dungeon
 11452 | D:10     | Noticed an oklob plant
 11458 | D:10     | Killed an oklob plant
 11459 | D:10     | Reached skill level 13 in Spellcasting
 11487 | D:10     | Found a staircase to the Lair.
 11517 | D:10     | Found a shimmering altar of Xom.
 11697 | D:10     | Reached skill level 5 in Fire Magic
 11769 | D:10     | Noticed a gargoyle
 11770 | D:10     | Noticed an orc knight
 11787 | D:10     | Killed a gargoyle
 12041 | D:10     | Identified the +0 helmet of Divine Intervention {Drain rC+
                  | Int+4 Dex+3}
 12366 | D:10     | Offered knowledge of Lightning Bolt by Vehumet.
 12475 | D:10     | Noticed Grum
 12484 | D:10     | Killed Grum
 12489 | D:10     | Reached skill level 5 in Earth Magic
 12601 | D:10     | Found a glowing silver altar of Zin.
 12912 | D:10     | Killed an orc knight
 12921 | D:10     | Reached skill level 14 in Spellcasting
 13083 | D:11     | Noticed a two-headed ogre
 13088 | D:11     | Killed a two-headed ogre
 13089 | D:11     | Reached XP level 11. HP: 59/59 MP: 21/31
 14147 | D:12     | Identified a scroll of acquirement
 14147 | D:12     | Acquired 1186 gold pieces
 14323 | D:12     | Found a frozen archway.
 14344 | IceCv    | Entered an ice cave
 14748 | IceCv    | Reached skill level 15 in Spellcasting
 15032 | IceCv    | Reached ***** piety under Vehumet
 15193 | IceCv    | Found an ancient bone altar of Kikubaaqudgha.
 15202 | IceCv    | Offered knowledge of Starburst by Vehumet.
 15215 | IceCv    | Reached XP level 12. HP: 55/66 MP: 4/33
 15588 | IceCv    | Reached skill level 16 in Spellcasting
 15872 | IceCv    | Reached skill level 10 in Conjurations
 16282 | D:12     | Noticed Fannar
 16289 | D:12     | Killed Fannar
 16533 | D:12     | Noticed a boulder beetle
 16548 | D:12     | Killed a boulder beetle
 16837 | D:12     | Noticed a five-headed hydra
 16841 | D:12     | Killed a five-headed hydra
 16878 | D:12     | Found Lumefosk's Jewellery Shoppe.
 17000 | D:12     | Noticed a two-headed ogre
 17005 | D:12     | Killed a two-headed ogre
 17006 | D:12     | Reached skill level 5 in Armour
 17139 | D:12     | Reached skill level 17 in Spellcasting
 17260 | D:12     | Found a blossoming altar of Fedhas.
 17818 | Temple   | Entered the Ecumenical Temple
 17965 | D:13     | Noticed a five-headed hydra
 18010 | D:13     | Got Zoot's Incunabulum of Feathery Venom
 18101 | D:13     | Killed a five-headed hydra
 18152 | D:13     | Noticed a tengu warrior
 18158 | D:13     | Noticed a tengu warrior
 18160 | D:13     | Noticed Maurice
 18160 | D:13     | Noticed a tengu warrior
 18276 | D:13     | Killed a tengu warrior
 18305 | D:13     | Killed a tengu warrior
 18314 | D:13     | Killed a tengu warrior
 18315 | D:13     | Reached XP level 13. HP: 72/72 MP: 20/36
 18547 | D:13     | Killed Maurice
 19447 | D:14     | Reached skill level 5 in Fighting
 19570 | D:14     | Found a gate to the Vaults.
 19590 | D:14     | Reached skill level 18 in Spellcasting
 20341 | D:15     | Entered Level 15 of the Dungeon
 20777 | D:15     | Offered knowledge of Irradiate by Vehumet.
 20859 | D:15     | Reached skill level 19 in Spellcasting
 20863 | D:15     | Noticed a ghoul
 20867 | D:15     | Killed a ghoul
 20868 | D:15     | Reached skill level 10 in Fire Magic
 20868 | D:15     | Reached XP level 14. HP: 62/80 MP: 13/39
 21898 | D:15     | Noticed a ghoul
 21907 | D:15     | Killed a ghoul
 22040 | D:15     | Noticed a ghoul
 22058 | D:15     | Shot with an arrow by a centaur warrior

Illustrated notes

Levels and vault maps discovered:
D:1:      dpeg_arrival_fog, layout_loops_ring
D:2:      layout_rooms, shapermc_ecumenical_altar_notcrosses, basic_altar,
          uniq_sigmund
D:3:      layout_loops_ring, nicolae_ru_path_of_blood
D:4:      layout_basic, serial_bayou_lagoon_a
D:5:      layout_loops_cross, goddamned_bats
D:6:      layout_loops_ring, minmay_chambers_of_fives
D:7:      layout_loops_corners, minmay_temple_entry_arrows,
          kennysheep_another_room, nrook_uturn, uniq_prince_ribbit1,
          uniq_duvessa
D:8:      layout_basic, amcnicky_altar_gilded, nicolae_benzene_ring, minivault_1
D:9:      layout_long_grid, minmay_orc_entry_temple_small
D:10:     layout_long_grid, kennysheep_mini_moat, brannock_xom_greatest_gift,
          dpeg_oklobed_lair, minivault_10, minmay_circle_x, uniq_grum
D:11:     layout_cave_pods, grunt_decor_one_mirror
D:12:     layout_basic, portal_ice_cave_demonic_guard, serial_shops, shop,
          fedhas_altar_4, uniq_fannar
D:13:     layout_long_grid, uniq_maurice
D:14:     layout_basic, lightli_vaults_fourway_checkpoint
D:15:     gammafunk_enter_depths_forms, layout_irregular_city, serial_undead,
          serial_undead_b, serial_undead_d, serial_undead_a, serial_undead_b,
          serial_undead_f, serial_undead_b, serial_undead_a, serial_undead_d,
          hangedman_decor_diamond_cutter
Temple:   dpeg_five_rooms_temple

Skill      XL: |  1  2  3  4  5  6  7  8  9 10 11 12 13 14 |
---------------+-------------------------------------------+-----
Spellcasting   | 5 6 7 8 10 12 14 15 17 19 | 19.7
Armour         | 1 2 3 5 6 |  6.1
Fighting       | 1 2 4 6 |  6.0
Conjurations   | 2 3 4 5 7 8 9 10 12 | 12.5
Dodging        | 3 |  3.3
Shields        | 1 2 3 4 |  4.0
Poison Magic   | 1 |  1.0
Stealth        | 3 |  3.0
Fire Magic     | 1 3 4 5 6 8 10 | 10.6
Air Magic      | 1 |  1.1
Evocations     | 1 |  1.1
Earth Magic    | 2 4 5 6 |  6.0
Ice Magic      | 1 |  1.0
Summonings     | |  1.1
Translocations | |  1.1

Action                   |  1- 3 |  4- 6 |  7- 9 | 10-12 | 13-15 || total
-------------------------+-------+-------+-------+-------+-------++-------
Melee: Short sword       |    18 |    35 |    21 |       |       ||    74
       War axe           |       |       |    24 |    54 |    26 ||   104
       Staff             |       |       |       |     4 |       ||     4
 Cast: Magic Dart        |   109 |    36 |     8 |       |     1 ||   154
       Mephitic Cloud    |     3 |     5 |    21 |    20 |     9 ||    58
       Conjure Flame     |       |     1 |    14 |    27 |    13 ||    55
       Foxfire           |       |    39 |   134 |    68 |    11 ||   252
       Stone Arrow       |       |     1 |    29 |    34 |    11 ||    75
       Blink             |       |       |     5 |     1 |     2 ||     8
       Call Imp          |       |       |     2 |     4 |     2 ||     8
       Bolt of Magma     |       |       |       |   123 |   101 ||   224
       Freezing Cloud    |       |       |       |     5 |     7 ||    12
  Use: Scroll            |       |       |       |    12 |     1 ||    13
 Stab: Confused          |     3 |     1 |     5 |     3 |       ||    12
       Distracted        |     1 |       |       |       |       ||     1
       Sleeping          |       |       |     1 |       |       ||     1
Armor: Robe              |     2 |       |       |       |       ||     2
       Leather armour    |       |    13 |    40 |    32 |       ||    85
       Troll leather arm |       |       |       |     2 |    40 ||    42
Dodge: Dodged            |    20 |    47 |    80 |    96 |    45 ||   288
Block: Buckler           |       |       |       |    44 |    20 ||    64
       Reflection        |       |       |       |       |     1 ||     1

Table legend: (Time is in decaauts)
 A = Elapsed time spent in this place.
 B = Non-inter-level travel time spent in this place.
 C = Inter-level travel time spent in this place.
 D = Time resting spent in this place.
 E = Time spent auto-exploring this place.
 F = Levels seen in this place.
 G = Mean time per level.
                   A        B        C        D        E       F      G
               +--------+--------+--------+--------+--------+-----+--------+
         Total |  22133 |  21292 |    841 |   3428 |  14810 |  17 | 1301.9 |
       Dungeon |  20296 |  19458 |    838 |   2335 |  14361 |  15 | 1353.1 |
        Temple |     32 |     30 |      2 |      0 |      0 |   1 |   32.0 |
      Ice Cave |   1803 |   1803 |      0 |   1093 |    449 |   1 | 1803.0 |
               +--------+--------+--------+--------+--------+-----+--------+

Top non-repeatable levels by time:
    D:12: 1943 daAuts
   IceCv: 1803 daAuts
    D:15: 1727 daAuts
    D:10: 1687 daAuts
     D:8: 1501 daAuts
     D:4: 1460 daAuts
     D:9: 1454 daAuts
     D:7: 1395 daAuts
     D:5: 1382 daAuts
    D:14: 1224 daAuts
     D:3: 1210 daAuts
     D:1: 1151 daAuts
    D:11: 1115 daAuts
     D:6: 1036 daAuts
    D:13: 1035 daAuts
